 Dungeon Crawl Stone Soup version 0.32-a0-7-ge934b4519a (webtiles) character file.

Game seed: 15739712271367506732

5111 NotreDorf the Thaumaturge (level 10, -4/77 HPs)
             Began as a Mummy Alchemist on Jan 13, 2024.
             Was a Believer of Vehumet.
             Killed by divine providence
             ... invoked by an orc priest
              (16 damage)
             ... on level 9 of the Dungeon.
             The game lasted 00:49:45 (9172 turns).

NotreDorf the Thaumaturge (Mummy Alchemist)         Turns: 9172, Time: 00:49:45

Health: -4/77      AC:  8    Str: 11    XL:     10   Next: 32%
Magic:  22/22      EV: 11    Int: 26    God:    Vehumet [**....]
Gold:   317        SH:  0    Dex: 18    Spells: 7/25 levels left

rFire   . . .        d - +9 staff of Olgreb {rPois∞}
rCold   + . .        (no shield)
rNeg    + + +        t - +2 scale mail {rF+}
rPois   ∞            (no helmet)
rElec   .            (no cloak)
rCorr   .            (no gloves)
SInv    .            (no boots)
Will    +....        j - amulet of magic regeneration
Stlth   +            h - +6 ring of dexterity
HPRegen 0.32/turn    p - +6 ring of intelligence
MPRegen 0.58/turn

%: faith
@: no status effects
A: cold resistance 1, negative energy resistance 3, torment resistance 2, heat
vulnerability 1, in touch with death 1, no potions, faith
a: Renounce Religion, Evoke the Staff of Olgreb


You were on level 9 of the Dungeon.
You worshipped Vehumet.
Vehumet was pleased with you.
You visited 2 branches of the dungeon, and saw 10 of its levels.
You also visited: Ossuary.

You collected 541 gold pieces.
You spent 224 gold pieces at shops.

Inventory:

Hand Weapons
 d - the +9 staff of Olgreb (weapon) {rPois∞}
   (You acquired it on level 8 of the Dungeon)

   Radiate:   It can be activated via the 'a'bility menu to radiate toxic
   energy, with effectiveness depending on Evocations skill.
   Alch:      It enhances your alchemy magic.
   rPois∞: It grants immunity to poison.
 k - a +1 mace of protection
 s - a +4 trident of draining
Missiles
 g - a throwing net
Armour
 t - a +2 scale mail of fire resistance (worn)
 v - a +0 pair of gloves
Magical Staves
 w - a staff of conjuration
Jewellery
 h - a +6 ring of dexterity (left hand)
 j - an amulet of magic regeneration (around neck)
 o - a +4 ring of protection
 p - a +6 ring of intelligence (right hand)
Wands
 n - a wand of flame (3)
 q - a wand of light (8)
 r - a wand of charming (24)
Scrolls
 a - a scroll of amnesia
 b - 3 scrolls of fear
 c - 2 scrolls of butterflies
 e - 6 scrolls of teleportation
 f - 2 scrolls of identify
 i - 2 scrolls of blinking
 l - 2 scrolls of torment
 m - a scroll of fog
 u - a scroll of silence


   Skills:
 + Level 6.3 Fighting
 + Level 5.5 Dodging
 - Level 1.5 Stealth
 + Level 8.1 Spellcasting
 - Level 0.7 Conjurations
 + Level 4.2 Fire Magic
 + Level 5.0 Air Magic
 + Level 5.8 Alchemy
 + Level 1.4 Evocations


You had 7 spell levels left.
You knew the following spells:

 Your Spells              Type           Power      Damage    Failure   Level
a - Sting                 Conj/Alch      100%       1d9       10%         1
b - Mercury Vapours       Alch/Air       100%       N/A       6%          2
c - Mephitic Cloud        Conj/Alch/Air  45%        N/A       22%         3
d - Sticky Flame          Fire/Alch      53%        2d9       41%         4
e - Olgreb's Toxic Radia  Alch           57%        N/A       32%         4
f - Airstrike             Air            18%        2d(3-19)  41%         4

Your spell library contained the following spells:

 Spells                   Type           Power      Damage    Failure   Level
 Sandblast                Erth           20%        2d7       34%         1
 Static Discharge         Conj/Air       50%        3-6/arc   17%         2
 Summon Lightning Spire   Summ/Air       23%        N/A       77%         4


Dungeon Overview and Level Annotations

Branches:
Dungeon (9/15)             Temple (1/1) D:6            Lair (0/5) D:9
Ossuary (visited)
    Orc: D:9-12

Altars:
Ashenzari
Cheibriados
Gozag
Hepliaklqana
Kikubaaqudgha
Makhleb
Nemelex Xobeh
Okawaru
Qazlal
Ru
Sif Muna
Trog
Uskayaw
Vehumet
Wu Jian
Xom

Shops:
D:7 [


Innate Abilities, Weirdness & Mutations

You are immune to poison.
Your flesh is cold resistant. (rC+)
You are immune to negative energy. (rN+++)
You are immune to unholy pain and torment.
You are vulnerable to heat. (rF-)
You are in touch with the powers of death.
You do not drink.
You have a special connection with the divine. (Faith)


Message History

The shadow completely misses you.
You hit the shadow.
The shadow is heavily damaged.
The shadow slips into darkness.
The shadow flickers and vanishes!
Deactivating autopickup; reactivate with Ctrl-A.
You closely miss something.
The shadow strikes at you from the darkness!
Reactivating autopickup.
You sock the shadow!
The shadow is almost destroyed.
The shadow hits you!
You hit the shadow but do no damage.
You envenom the shadow.
The shadow is almost destroyed.
The shadow closely misses you.
The shadow slips into darkness.
The shadow flickers and vanishes!
Deactivating autopickup; reactivate with Ctrl-A.
You barely miss something.
You hear the faint creaking of a portcullis nearby.
The shadow strikes at you from the darkness!
* * * LOW HITPOINT WARNING * * *
Reactivating autopickup.
You barely miss the shadow.
The shadow is almost destroyed.
The shadow barely misses you.
You hit the shadow.
You destroy the shadow!
Vehumet accepts your kill.
Your Air Magic skill increases to level 5!
Found 13 gold pieces.
You now have 317 gold pieces (gained 12).
An orc wizard, an orc priest and an orc come into view.
The orc wizard shouts!
The orc shouts!
You hear a shout!
The orc moves out of view.
An orc comes into view. It is wielding a +0 dagger.
The orc shouts!
The orc priest mumbles some strange prayers to Beogh against you.
Beogh smites you!
You die...

###.#..........##
#.#.#....#....#
#..♣♣♣♣..>...###..
#..♣ ♣...........
#..... ♣...........
#....._.♣...).......
###.....♣...........
###♣..♣##.........
♣♣♣..@........
##.$........
...#........ .o..#
..###.. ...o.o ..# .
#..... ..# ###.o.
... #.. ...#


You could see an orc priest, an orc wizard and 2 orcs.

Vanquished Creatures
  A two-headed ogre (D:8)
  Jeremiah (D:6)
  Prince Ribbit (D:6)
  Grinder (D:4)
  2 hornets
  Sigmund (D:6)
  A wyvern (D:7)
  A shadow (D:9)
  5 yaks (D:8)
  Menkaure (D:6)
  A water moccasin (D:7)
  A sky beast (D:7)
  2 ice beasts
  4 centaurs
  A kobold brigand (D:9)
  A weeping skull (Ossuary)
  2 gnoll sergeants (D:8)
  A scorpion (D:5)
  3 bullfrogs
  4 water moccasin zombies (Ossuary)
  2 howler monkeys
  2 bombardier beetles (D:5)
  A jelly (D:6)
  A gnoll bouda (D:6)
  2 orc priests
  Jessica (D:2)
  2 orc wizards
  A sleepcap (D:5)
  2 iguanas (D:4)
  A crocodile zombie (Ossuary)
  A bullfrog simulacrum (Ossuary)
  2 mummies (Ossuary)
  13 gnolls
  7 adders
  2 shadow imps
  2 white imps
  A ribbon worm zombie (D:7)
  5 adder zombies (Ossuary)
  4 ribbon worms
  2 dart slugs (D:1)
  21 orcs
  6 ball pythons
  4 bats
  5 endoplasms
  2 giant cockroaches
  6 gnoll zombies (Ossuary)
  2 goblins (D:4)
  8 hobgoblins
  9 kobolds
  6 quokkas
  2 frilled lizards
  2 jackal zombies (Ossuary)
  An orc zombie (D:7)
  8 rats
171 creatures vanquished.

Vanquished Creatures (others)
  A butterfly (D:4)
1 creature vanquished.

Grand Total: 172 creatures vanquished

Notes
Turn   | Place    | Note
-------+----------+-------------------------------------------
     0 | D:1      | NotreDorf the Mummy Alchemist began the quest for the Orb.
     0 | D:1      | Reached XP level 1. HP: 13/13 MP: 4/4
   200 | D:1      | Reached skill level 3 in Spellcasting
   200 | D:1      | Reached XP level 2. HP: 20/20 MP: 3/6
   375 | D:1      | Found a faded altar of an unknown god.
   508 | D:1      | Reached skill level 1 in Fighting
  1005 | D:1      | Learned a level 2 spell: Mercury Vapours
  1287 | D:2      | Reached XP level 3. HP: 26/26 MP: 5/7
  1816 | D:2      | Noticed Jessica
  1822 | D:2      | Killed Jessica
  1823 | D:2      | Reached XP level 4. HP: 32/32 MP: 5/9
  1956 | D:2      | Learned a level 3 spell: Mephitic Cloud
  2020 | D:3      | Identified the ring of Padoraty {Ice *Slow Will- Dex+5}
  2296 | D:3      | Found a burning altar of Makhleb.
  2369 | D:3      | Found a stormy altar of Qazlal.
  2402 | D:3      | Reached skill level 1 in Air Magic
  2843 | D:3      | Learned a level 4 spell: Sticky Flame
  3088 | D:4      | Reached XP level 5. HP: 37/38 MP: 8/10
  3353 | D:4      | Noticed Grinder
  3357 | D:4      | Paralysed by Grinder for 3 turns
  3371 | D:4      | Paralysed by Grinder for 4 turns
  3377 | D:4      | Killed Grinder
  3378 | D:4      | Reached skill level 4 in Spellcasting
  3378 | D:4      | Reached XP level 6. HP: 21/46 MP: 10/12
  3588 | D:4      | Found a sacrificial altar of Ru.
  4162 | D:5      | Entered Level 5 of the Dungeon
  4289 | D:5      | Reached XP level 7. HP: 52/52 MP: 12/14
  4410 | D:5      | Reached skill level 5 in Spellcasting
  4680 | D:5      | Learned a level 4 spell: Olgreb's Toxic Radiance
  4729 | D:6      | Noticed Prince Ribbit
  4749 | D:6      | Noticed Sigmund
  4820 | D:6      | Noticed Jeremiah
  4899 | D:6      | Killed Prince Ribbit
  4900 | D:6      | Reached skill level 1 in Fire Magic
  4913 | D:6      | Killed Sigmund
  4914 | D:6      | Reached XP level 8. HP: 15/60 MP: 7/16
  4917 | D:6      | Noticed Menkaure
  4978 | D:6      | Killed Menkaure
  5576 | D:6      | Reached skill level 6 in Spellcasting
  5976 | D:6      | Killed Jeremiah
  6002 | D:6      | Found a staircase to the Ecumenical Temple.
  6069 | Temple   | Entered the Ecumenical Temple
  6087 | Temple   | Became a worshipper of Vehumet
  6275 | D:6      | Noticed a hornet
  6280 | D:6      | Killed a hornet
  6492 | D:6      | Learned a level 4 spell: Airstrike
  6624 | D:7      | Reached XP level 9. HP: 28/67 MP: 18/18
  6628 | D:7      | Reached skill level 5 in Fighting
  6837 | D:7      | Found Puhoq's Armour Shoppe.
  6845 | D:7      | Bought a +1 scale mail of fire resistance for 224 gold
                  | pieces
  6891 | D:7      | Reached skill level 7 in Spellcasting
  6891 | D:7      | Reached skill level 5 in Alchemy
  6932 | D:7      | Found a sand-covered staircase.
  6948 | D:7      | Reached * piety under Vehumet
  6948 | D:7      | Offered knowledge of Freeze by Vehumet.
  6952 | Ossuary  | Entered an ossuary
  7843 | D:8      | Noticed a two-headed ogre
  7849 | D:8      | Killed a two-headed ogre
  7850 | D:8      | Reached skill level 5 in Dodging
  7857 | D:8      | Identified a scroll of acquirement
  7867 | D:8      | Acquired the +9 staff of Olgreb {rPois∞}
  7867 | D:8      | Found the +9 staff of Olgreb {rPois∞}
  8002 | D:8      | Reached XP level 10. HP: 41/76 MP: 17/21
  8029 | D:8      | Reached ** piety under Vehumet
  8029 | D:8      | Offered knowledge of Sandblast by Vehumet.
  8324 | D:8      | Identified the +2 ring mail of the Garden {rN+ Int-3
                  | Stlth+}
  8748 | D:8      | Reached skill level 1 in Evocations
  8765 | D:8      | Reached skill level 8 in Spellcasting
  9133 | D:9      | Found a hazy altar of Hepliaklqana.
  9140 | D:9      | Found a staircase to the Lair.
  9164 | D:9      | Reached skill level 5 in Air Magic
  9172 | D:9      | Killed from afar by an orc priest

Illustrated notes

Levels and vault maps discovered:
D:1:      minmay_arrival_open_corners, layout_loops_ring,
          shapermc_ecumenical_altar_venn
D:2:      layout_loops_corners, uniq_jessica
D:3:      layout_basic, mainiacjoe_overflow_concentric_impassable,
          lemuel_tele_altar, st_stairs_3
D:4:      layout_rooms, nicolae_ru_path_of_blood,
          nicolae_elyvilon_peaceful_grove, serial_co_window_serial,
          co_window_corner_a, co_window_cross_1, co_window_corner_a,
          co_window_paths_a, co_window_corner_a, co_window_unsneaky_path_b,
          co_window_2corner, co_window_corner_b, co_window_corner_ca,
          co_window_sun, glass_columns_a, glass_columns_a, glass_columns_a,
          glass_columns_c, glass_columns_a, uniq_grinder
D:5:      layout_basic
D:6:      nicolae_whirlpool, layout_cave_pods, minmay_temple_entry_statues,
          chequers_serial_rivers_large_a, minmay_misc_feat_nine_boxes,
          uniq_sigmund, uniq_prince_ribbit1, uniq_jeremiah, uniq_menkaure
D:7:      layout_layer_cave, enter_ossuary_3, serial_shops, shop
D:8:      layout_gridville
D:9:      layout_cave_pools, mainiacjoe_overflow_alcove_1,
          mainiacjoe_overflow_alcove_2, lair_entry_dummy, enter_bailey_5
Temple:   dshaligram_water_room_temple

Skill      XL: |  1  2  3  4  5  6  7  8  9 10 |
---------------+-------------------------------+-----
Spellcasting   | 3 4 5 6 7 8 |  8.1
Fighting       | 1 2 3 4 6 |  6.3
Dodging        | 2 3 4 5 |  5.5
Air Magic      | 1 2 3 4 5 |  5.0
Alchemy        | 3 4 5 |  5.8
Fire Magic     | 1 2 3 4 |  4.2
Evocations     | 1 |  1.4
Stealth        | |  1.5
Conjurations   | |  0.7

Action                     |  1- 3 |  4- 6 |  7- 9 | 10-12 || total
---------------------------+-------+-------+-------+-------++-------
  Melee: Unarmed           |     9 |       |       |       ||     9
         Club              |    18 |    67 |       |       ||    85
         Punch             |       |     2 |     2 |       ||     4
         Mace              |       |    15 |    32 |       ||    47
         Trident           |       |       |   144 |       ||   144
         Staff             |       |       |     9 |    97 ||   106
   Cast: Sting             |    59 |    90 |    33 |       ||   182
         Mercury Vapours   |       |     5 |     6 |       ||    11
         Mephitic Cloud    |       |     3 |    10 |     5 ||    18
         Sticky Flame      |       |       |    19 |       ||    19
         Airstrike         |       |       |     2 |       ||     2
  Evoke: Wand              |       |       |     2 |       ||     2
    Use: Scroll            |       |       |    14 |       ||    14
   Stab: Confused          |       |     1 |     5 |     9 ||    15
 Armour: Robe              |    20 |    53 |    55 |       ||   128
         Scale mail        |       |       |    89 |    66 ||   155
  Dodge: Dodged            |    16 |    81 |   114 |    44 ||   255

Table legend: (Time is in decaauts)
 A = Elapsed time spent in this place.
 B = Non-inter-level travel time spent in this place.
 C = Inter-level travel time spent in this place.
 D = Time resting spent in this place.
 E = Time spent auto-exploring this place.
 F = Levels seen in this place.
 G = Mean time per level.
                   A        B        C        D        E       F      G
               +--------+--------+--------+--------+--------+-----+--------+
         Total |   9298 |   8961 |    337 |   1029 |   6156 |  11 |  845.3 |
       Dungeon |   8893 |   8573 |    320 |    892 |   6156 |   9 |  988.1 |
        Temple |     34 |     18 |     16 |      0 |      0 |   1 |   34.0 |
       Ossuary |    369 |    369 |      0 |    137 |      0 |   1 |  369.0 |
               +--------+--------+--------+--------+--------+-----+--------+

Top non-repeatable levels by time:
     D:6: 1792 daAuts
     D:8: 1260 daAuts
     D:4: 1149 daAuts
     D:3: 1051 daAuts
     D:1: 1041 daAuts
     D:2: 946 daAuts
     D:7: 930 daAuts
     D:5: 560 daAuts
 Ossuary: 369 daAuts
     D:9: 162 daAuts
  Temple: 34 daAuts
